 Dungeon Crawl Stone Soup version 0.20-a0-731-gecde0bf (console) character file.

184 nht the Slasher (level 5, 0/42 HPs)
             Began as a Minotaur Gladiator on Feb 22, 2017.
             Succumbed to an adder's poison
             ... on level 3 of the Dungeon.
             The game lasted 00:02:03 (1454 turns).

nht the Slasher (Minotaur Gladiator)                Turns: 1454, Time: 00:02:04

Health: 0/42       AC:  3    Str: 18    XL:     5   Next: 36%
Magic:  4/4        EV: 13    Int:  5    God:
Gold:   154        SH:  0    Dex: 13    Spells: 4/4 levels left

rFire    . . .     SeeInvis .   i - +1 dagger (elec)
rCold    . . .     Gourm    .   b - +0 leather armour
rNeg     . . .     Faith    .   (no shield)
rPois    .         Spirit   .   c - +0 hat
rElec    .         Reflect  .   (no cloak)
rCorr    .         Harm     .   (no gloves)
MR       .....                  (no boots)
Stlth    +.........             (no amulet)
Regen    0.2/turn               (no ring)
MPRegen  0.1/turn               (no ring)

@: lethally poisoned (0 -> -5)
A: retaliatory headbutt, horns 2
a: no special abilities


You were on level 3 of the Dungeon.
You were not hungry.

You visited 1 branch of the dungeon, and saw 3 of its levels.

You collected 154 gold pieces.

Inventory:

Hand Weapons
 a - a +0 long sword
 i - a +1 dagger of electrocution (weapon)
Missiles
 d - 3 throwing nets (quivered)
Armour
 b - a +0 leather armour (worn)
 c - a +0 hat (worn)
Jewellery
 t - a cursed ring of loudness {unknown}
Scrolls
 e - 4 scrolls of fog {unknown}
 j - a scroll of random uselessness {unknown}
 k - 2 scrolls of enchant weapon {unknown}
 m - 4 scrolls of identify {unknown}
 n - a scroll of blinking {unknown}
 p - a scroll of teleportation {unknown}
 v - a scroll of recharging {unknown}
Potions
 g - a potion of brilliance
 l - a potion of agility
Comestibles
 f - 3 bread rations
 h - 4 chunks of flesh
 q - 8 meat rations
 s - 2 fruits


   Skills:
 - Level 2.4 Fighting
 + Level 7.4 Long Blades
 - Level 2.0 Throwing
 - Level 3.2 Dodging


You had 4 spell levels left.
You didn't know any spells.

Dungeon Overview and Level Annotations

Branches:
Dungeon (3/15)

Altars:
Ru


Innate Abilities, Weirdness & Mutations

You reflexively headbutt those who attack you in melee.
You have a pair of horns on your head.


Message History

You hit the adder.
The adder is almost dead.
* * * LOW HITPOINT WARNING * * *
You feel sick. The adder bites you but does no damage.
You miss the adder. Your headbutt misses the adder.
The adder is almost dead.
The adder bites you.
* * * LOW HITPOINT WARNING * * *
You are more poisoned.
The adder poisons you!
You hit the adder but do no damage.
The adder is almost dead.
The adder barely misses you.
You hit the adder.
The adder is almost dead.
* * * LOW HITPOINT WARNING * * *
You feel sick. The adder barely misses you.
You hit the adder.
You kill the adder!
You die... ......█████..█.. .........███.... ...........█ ████. ██ ...........█ ██ █. ........÷.█ ████

█. .........████... █.
████....██...██..██
████.███...............███
█......(.@......█.██......
█████.....(....<..███.████████
..........†...███..██.███
......████†████ ██..>...█
.$....███()█


████████ .....█..(.██ .......(███ .[...█...S█ .......██..S. There were no
monsters in sight!

Vanquished Creatures
  The ghost of KristoblXynda the Charlatan, an amateur SpAr (D:3)
  7 adders
  A worm (D:3)
  2 dart slugs (D:1)
  A leopard gecko (D:2)
  An orc (D:3)
  3 ball pythons
  7 bats
  2 giant cockroaches
  8 goblins
  3 hobgoblins
  A jackal (D:2)
  2 quokkas
  4 frilled lizards
  9 kobolds
  3 rats
55 creatures vanquished.

Notes
Turn   | Place    | Note
-------+----------+-------------------------------------------
     0 | D:1      | nht the Minotaur Gladiator began the quest for the Orb.
     0 | D:1      | Reached XP level 1. HP: 18/18 MP: 0/0
   116 | D:1      | Reached skill level 4 in Long Blades
   212 | D:1      | Reached XP level 2. HP: 25/25 MP: 1/1
   625 | D:2      | Reached skill level 5 in Long Blades
   754 | D:2      | Reached XP level 3. HP: 26/30 MP: 2/2
   890 | D:2      | Found a sacrificial altar of Ru.
  1267 | D:3      | Reached XP level 4. HP: 20/37 MP: 3/3
  1346 | D:3      | Reached skill level 6 in Long Blades
  1432 | D:3      | Noticed KristoblXynda's ghost (amateur SpAr)
  1438 | D:3      | Killed KristoblXynda's ghost
  1438 | D:3      | Reached skill level 7 in Long Blades
  1438 | D:3      | Reached XP level 5. HP: 8/42 MP: 4/4
  1449 | D:3      | HP: 2/42 [poisoned by a kobold]
  1454 | D:3      | Succumbed to an adder's poison

Vault maps used:
D:1:      wheals_arrival_shading
D:2:      old_standard_altar
D:3:      first_bread

Skill      XL: |  1  2  3  4 |
---------------+-------------+-----
Long Blades    | 4 5 7 |  7.4
Fighting       | |  2.4
Throwing       | |  2.0
Dodging        | |  3.2

Action                   |  1- 3 |  4- 6 || total
-------------------------+-------+-------++-------
Melee: Long sword        |    10 |       ||    10
       Dagger            |    73 |    33 ||   106
       Headbutt          |    12 |     3 ||    15
  Use: Potion            |       |     5 ||     5
 Stab: Distracted        |     1 |       ||     1
  Eat: Chunk             |     1 |     1 ||     2
Armor: Leather armour    |    11 |     8 ||    19
Dodge: Dodged            |    51 |    30 ||    81
       Rpst.: Long sword |     2 |       ||     2
